 Dungeon Crawl Stone Soup version 0.29.1-15-g9cfb28693d (webtiles) character file.

Game seed: 13111635504172277631

51 dudediamond6 the Insei (level 3, 0/42 HPs)
             Began as a Gnoll Transmuter on Feb 25, 2023.
             Succumbed to an adder's poison
             ... on level 3 of the Dungeon.
             The game lasted 00:02:46 (1075 turns).

dudediamond6 the Insei (Gnoll Transmuter)           Turns: 1075, Time: 00:02:47

Health: 0/42       AC: 21    Str: 11    XL:     3   Next: 83%
Magic:  7/9        EV:  2    Int: 12    God:
Gold:   82         SH:  0    Dex: 12    Spells: 9/12 levels left

rFire   . . .      SeeInvis .     - Unarmed
rCold   . . .      Faith    .   (no shield)
rNeg    . . .      Spirit   .   (body armour currently unavailable)
rPois   +          Reflect  .   (helmet currently unavailable)
rElec   .          Harm     .   (cloak currently unavailable)
rCorr   .          Rampage  .   (gloves currently unavailable)
Will    .....      NoTele   +   (boots currently unavailable)
Stlth   ++........              (no amulet)
HPRegen 0.14/turn               (no ring)
MPRegen 0.11/turn               (no ring)

@: lethally poisoned (0 -> -1), tree-form, wereblooded
A: stationary, stasis, torment immunity, boosted hp, (fangs 1), strong nose,
distributed training
a: no special abilities


You were on level 3 of the Dungeon.
You were a tree.
You visited 1 branch of the dungeon, and saw 3 of its levels.

You collected 82 gold pieces.

Inventory:

Armour
 a - a +0 robe
 h - an orb of mayhem
 o - a +0 plate armour
Scrolls
 e - a scroll of teleportation {unknown}
 f - 2 scrolls of identify {unknown}
 k - a scroll of silence {unknown}
 l - a scroll of noise {unknown}
 m - a scroll of enchant weapon {unknown}
 n - 2 scrolls of magic mapping {unknown}
Potions
 b - a potion of lignification
 c - a potion of invisibility {unknown}
 d - a potion of curing {unknown}
 g - a potion of cancellation {unknown}
 i - a potion of berserk rage {unknown}
 j - a potion of degeneration {unknown}
 p - a potion of magic {unknown}


   Skills:
 + Level 2.7 Fighting
 + Level 1.0 Short Blades
 + Level 1.0 Long Blades
 + Level 1.0 Axes
 + Level 1.0 Maces & Flails
 + Level 1.0 Polearms
 + Level 1.0 Staves
 + Level 1.0 Ranged Weapons
 + Level 1.0 Throwing
 + Level 1.0 Armour
 + Level 4.6 Dodging
 + Level 1.0 Stealth
 + Level 1.0 Shields
 + Level 6.5 Unarmed Combat
 + Level 5.0 Spellcasting
 + Level 0.7 Conjurations
 + Level 0.7 Hexes
 + Level 0.7 Summonings
 + Level 0.7 Necromancy
 + Level 0.7 Translocations
 + Level 3.8 Transmutations
 + Level 0.7 Fire Magic
 + Level 0.7 Ice Magic
 + Level 0.7 Air Magic
 + Level 0.7 Earth Magic
 + Level 0.7 Poison Magic
 + Level 1.1 Invocations
 + Level 1.0 Evocations


You had 9 spell levels left.
You knew the following spells:

 Your Spells              Type           Power      Damage    Failure   Level
a - Beastly Appendage     Tmut           24%        N/A       4%          1
b - Wereblood             Tmut           12%        N/A       6%          2

Your spell library contained the following spells:

 Spells                   Type           Power      Damage    Failure   Level
 Magic Dart               Conj           16%        1d3       14%         1
 Searing Ray              Conj           8%         2d4       22%         2
 Spider Form              Tmut/Pois      8%         N/A       24%         3
 Gell's Gravitas          Tloc           4%         N/A       41%         3
 Teleport Other           Tloc           4%         N/A       41%         3
 Ice Form                 Ice/Tmut       8%         N/A       61%         4
 Fulminant Prism          Conj/Hex       2%         3d6       82%         4
 Dispersal                Tloc           2%         N/A       100%        6


Dungeon Overview and Level Annotations

Branches:
Dungeon (3/15)

Altars:


Innate Abilities, Weirdness & Mutations

You are a tree.
Your roots penetrate the ground, keeping you stationary.
You cannot be teleported.
You are immune to unholy pain and torment.
Your maximum health is greatly increased.
Your equipment is partially melded.
((You have very sharp teeth.))
Your uncanny sense of smell can sniff out nearby items.
Your experience applies equally to all skills.


Message History

Your transformation is almost over.
The adder closely misses you. The kobold hits you with a +0 dagger.
Casting: Beastly Appendage (safe; 4% risk of failure)
Confirm with . or Enter, or press ? or * to list all spells.
Your blood is infused with primal strength.
The adder bites you.
You are poisoned.
The adder poisons you! The kobold hits you with a +0 dagger.
The adder closely misses you. The adder attacks as you move away!
The adder bites you.
You are more poisoned.
The adder poisons you!
You feel very sick.
You feel sick.
You closely miss the goblin.
You feel sick. The goblin hits you with a +0 club.
* * * LOW HITPOINT WARNING * * *
You hit the goblin. Your kick misses the goblin.
The goblin is severely wounded.
* * * LOW HITPOINT WARNING * * *
You feel sick. The goblin barely misses you.
You barely miss the goblin. Your kick misses the goblin.
The goblin is severely wounded.
* * * LOW HITPOINT WARNING * * *
You feel sick. The goblin barely misses you.
You punch the goblin!
You feel a bit better.
You kill the goblin!
You feel sick. The adder bites you.
* * * LOW HITPOINT WARNING * * *
You barely miss the adder.
The adder is lightly wounded.
* * * LOW HITPOINT WARNING * * *
You feel sick. The adder completely misses you.
Your horns disappear.
Your talons disappear.
You turn into a tree.
Your roots penetrate the ground.
* * * LOW HITPOINT WARNING * * *
You feel sick. The adder bites you but does no damage.
Unknown command.
You are too injured to fight recklessly!
You creak as the wereblood boils in your veins!
You die...

...........#
..........#
#.........#
##.......... #
#........... #<
##............# #..
#...Ko........
#..#.##S######.#.g
#... #)♣##.......#
#....#.##><...#..
#...............#
#...............#
##..............#
...............#.#
###...#............
#..............#.
#....##.......#.


You could see an adder, an orc and a kobold.

Vanquished Creatures
  3 adders (D:2)
  3 dart slugs (D:2)
  An endoplasm (D:2)
  A giant cockroach (D:1)
  2 goblins
  A hobgoblin (D:2)
  4 kobolds
  A quokka (D:2)
  A ball python (D:2)
  A bat (D:3)
  A rat (D:2)
19 creatures vanquished.

Notes
Turn   | Place    | Note
-------+----------+-------------------------------------------
     0 | D:1      | dudediamond6 the Gnoll Transmuter began the quest for the
                  | Orb.
     0 | D:1      | Reached XP level 1. HP: 17/17 MP: 6/6
    41 | D:1      | You fall into a shaft and drop 1 floor!
   145 | D:2      | Reached XP level 2. HP: 20/23 MP: 7/7
   354 | D:2      | Reached skill level 5 in Spellcasting
   354 | D:2      | Reached XP level 3. HP: 28/28 MP: 7/9
   469 | D:2      | Reached skill level 1 in Invocations
   700 | D:2      | Reached skill level 1 in Short Blades
   700 | D:2      | Reached skill level 1 in Long Blades
   700 | D:2      | Reached skill level 1 in Axes
   700 | D:2      | Reached skill level 1 in Maces & Flails
   700 | D:2      | Reached skill level 1 in Polearms
   700 | D:2      | Reached skill level 1 in Staves
   700 | D:2      | Reached skill level 1 in Ranged Weapons
   700 | D:2      | Reached skill level 1 in Throwing
   700 | D:2      | Reached skill level 1 in Armour
   700 | D:2      | Reached skill level 1 in Stealth
   700 | D:2      | Reached skill level 1 in Shields
   700 | D:2      | Reached skill level 1 in Evocations
   703 | D:2      | Learned a level 2 spell: Wereblood
  1073 | D:3      | HP: 1/28 [poisoned by an adder]
  1075 | D:3      | Succumbed to an adder's poison

Illustrated notes

Levels and vault maps discovered:
D:1:      lightli_arrival_quake, layout_basic, nicolae_shop_unique_rings,
          minmay_tromino_i2
D:2:      layout_basic
D:3:      layout_rooms, amethyst_overflow_temple_binary, uniq_grinder,
          uniq_crazy_yiuf_cottage

Skill      XL: |  1  2  3 |
---------------+----------+-----
Spellcasting   | 5 |  5.0
Invocations    | 1 |  1.1
Short Blades   | 1 |  1.0
Long Blades    | 1 |  1.0
Axes           | 1 |  1.0
Maces & Flails | 1 |  1.0
Polearms       | 1 |  1.0
Staves         | 1 |  1.0
Ranged Weapons | 1 |  1.0
Throwing       | 1 |  1.0
Armour         | 1 |  1.0
Stealth        | 1 |  1.0
Shields        | 1 |  1.0
Evocations     | 1 |  1.0
Fighting       | |  2.7
Dodging        | |  4.6
Unarmed Combat | |  6.5
Conjurations   | |  0.7
Hexes          | |  0.7
Summonings     | |  0.7
Necromancy     | |  0.7
Translocations | |  0.7
Transmutations | |  3.8
Fire Magic     | |  0.7
Ice Magic      | |  0.7
Air Magic      | |  0.7
Earth Magic    | |  0.7
Poison Magic   | |  0.7

Action                   || total
-------------------------++-------
Melee: Unarmed           ||    55
       Punch             ||     3
       Kick              ||     2
       Headbutt          ||     2
       Bite              ||     2
 Cast: Beastly Appendage ||     5
       Wereblood         ||     1
  Use: Potion            ||     1
 Stab: Sleeping          ||     1
Armor: Robe              ||     2
       Plate armour      ||     2
       Skin              ||     1
Dodge: Dodged            ||    27
